 Dungeon Crawl Stone Soup version 0.15-a0-1363-g87d8b17 (console) character file.

724 Minotaur the Grappler (level 7, -1/57 HPs)
             Began as a Minotaur Monk on June 8, 2014.
             Slain by a worker ant (2 damage)
             ... on Level 5 of the Dungeon.
             The game lasted 00:16:07 (2191 turns).

Minotaur the Grappler (Minotaur Monk)               Turns: 2191, Time: 00:16:08

HP  -1/57        AC  5     Str 18      XL: 7   Next: 43%
MP   3/3         EV 11     Int  7      God:
Gold 164         SH  0     Dex 12      Spells:  0 memorised,  6 levels left

rFire  . . .     SeeInvis .     s - +2 blowgun
rCold  . . .     Clarity  .     i - +0 ring mail (curse)
rNeg   + . .     rCorr    .     (no shield)
rPois  .         rRot     .     (helmet restricted)
rElec  .         Spirit   .     (no cloak)
SustAb .         Warding  +     (no gloves)
rMut   .         Stasis   .     (no boots)
Gourm  .                        y - amulet of warding
MR     .....                    (no ring)
                                r - ring of wizardry

@: not resistant to hostile enchantments, very unstealthy
A: retaliatory headbutt, horns 2
a: no special abilities


You were on level 5 of the Dungeon.
You were not hungry.

You visited 1 branch of the dungeon, and saw 6 of its levels.
You also visited: Ossuary.

You collected 164 gold pieces.

Inventory:

Hand weapons
 s - a +2 blowgun (weapon)
 F - a +1,+0 longbow
Missiles
 E - 5 curare-tipped needles (quivered)
Armour
 i - a cursed +0 ring mail (worn)
 n - a +0 ring mail
 o - a +0 buckler
 p - a +0 ring mail
 t - a +0 buckler
Magical devices
 H - a wand of confusion (8)
Comestibles
 b - 5 bread rations
 g - 3 beef jerkies
 v - a meat ration
 G - a chunk of orc flesh
Scrolls
 c - a scroll of magic mapping {unknown}
 d - a scroll of blinking {unknown}
 e - 3 scrolls of teleportation
 f - 2 scrolls of identify {unknown}
 h - 2 scrolls of fog {unknown}
 k - a scroll of amnesia {unknown}
 l - 2 scrolls of remove curse {unknown}
 q - 3 scrolls of noise {unknown}
 w - a scroll of enchant weapon I {unknown}
 D - a scroll of acquirement {unknown}
Jewellery
 r - a ring of wizardry (left hand)
 y - an amulet of warding (around neck)
Potions
 a - a potion of restore abilities
 m - a potion of heal wounds {unknown}
 u - a potion of degeneration {unknown}
 x - a potion of haste {unknown}
 z - 3 potions of agility {unknown}
 A - 2 potions of might {unknown}
 B - 2 potions of lignification {unknown}
Miscellaneous
 j - a plain deck of defence


   Skills:
 - Level 3.6 Fighting
 * Level 4.8 Dodging
 - Level 1.5 Stealth
 + Level 9.4 Unarmed Combat


You had 6 spell levels left.
You didn't know any spells.

Dungeon Overview and Level Annotations

Branches:
Dungeon (6/15)
 Temple: D:4-7

Altars:
Fedhas
Gozag
Nemelex Xobeh
Trog
The Shining One

Annotations:
D:4 inmateoo's ghost, average HuGl
D:5 Prince Ribbit


Innate Abilities, Weirdness & Mutations

You reflexively headbutt those who attack you in melee.
You have a pair of horns on your head.


Message History

* * * LOW HITPOINT WARNING * * *
Drink which item? (? for menu, Esc to quit)
Okay, then.
Read which item? (? for menu, Esc to quit)
Okay, then.
Drink which item? (? for menu, Esc to quit)
You feel better. The worker ant barely misses you. Prince Ribbit hits you!
* * * LOW HITPOINT WARNING * * *
Press: ? - help, v - describe, . - travel, g - get item
Here: Prince Ribbit (moderately wounded, poisoned, moving slowly, catching his breath)
A curare-tipped needle.
The floor.
Unknown command.
Drink which item? (? for menu, Esc to quit)
You feel refreshed.
It was a potion of restore abilities.
The worker ant bites you but does no damage.
Prince Ribbit hits you.
* * * LOW HITPOINT WARNING * * *
The worker ant bites you.
You die...

.(. #......(..#
#.....##.........#
#.(...##.........#
###.....#########.##
##.......#########)###
#.._..................
#....5...#########....
#....F...# #...#.
######@###########...#)
#....a>.............%..
....###.####.######...#.
.. #.# #.# #...#. #.#
#.# #...#. #.# #.#
#...#. #.. ..# #...#.
### ### #####. ##


You could see Prince Ribbit, a worker ant and a shadow imp.

Vanquished Creatures
  An ogre (D:4)
  An elf zombie (D:4)
  An elf skeleton (D:4)
  3 scorpions
  A crimson imp (D:5)
  An orc wizard (D:5)
  A hound (D:5)
  3 human skeletons (D:4)
  3 worker ants (D:5)
  A hound zombie (Ossuary)
  A mummy (Ossuary)
  An adder (D:2)
  An inept feature mimic (D:2)
  2 worms
  3 giant geckos
  An ooze (D:3)
  5 orcs
  A ball python (D:1)
  A giant cockroach (D:5)
  6 goblins
  10 hobgoblins
  4 jackals (D:1)
  3 bats
  5 giant newts
  2 gnoll zombies
  A hobgoblin skeleton (D:4)
  2 jackal zombies (Ossuary)
  6 kobolds
  An orc skeleton (D:4)
  An orc zombie (Ossuary)
  A quokka (D:5)
  3 rats
  A rat zombie (D:5)
78 creatures vanquished.

Vanquished Creatures (others)
  A goblin zombie (Ossuary)
  2 rat zombies (Ossuary)
3 creatures vanquished.

Grand Total: 81 creatures vanquished

Notes
Turn   | Place    | Note
--------------------------------------------------------------
     0 | D:1      | Minotaur, the Minotaur Monk, began the quest for the Orb.
     0 | D:1      | Reached XP level 1. HP: 19/19 MP: 1/1
     0 | D:1      | Found a glowing golden altar of the Shining One.
   100 | D:1      | Reached XP level 2. HP: 20/26 MP: 1/1
   110 | D:1      | Reached skill level 5 in Unarmed Combat
   267 | D:2      | Reached XP level 3. HP: 25/31 MP: 2/2
   281 | D:2      | Found a sparkling altar of Nemelex Xobeh.
   303 | D:2      | Found a blossoming altar of Fedhas.
   402 | D:3      | Found an opulent altar of Gozag.
   576 | D:3      | Reached skill level 6 in Unarmed Combat
   720 | D:4      | Noticed an ogre
   720 | D:4      | Noticed a scorpion
   756 | D:4      | HP: 1/46 [scorpion (5)]
   758 | D:4      | Killed a scorpion
   758 | D:4      | Reached XP level 4. HP: 1/39 MP: 2/2
   761 | D:4      | Killed an ogre
   761 | D:4      | Reached skill level 7 in Unarmed Combat
   761 | D:4      | Reached XP level 5. HP: 1/45 MP: 2/2
   917 | D:4      | Noticed inmateoo's ghost (average HuGl)
  1180 | D:4      | Reached skill level 8 in Unarmed Combat
  1180 | D:4      | Reached XP level 6. HP: 5/51 MP: 3/3
  1187 | D:4      | Found a sand-covered staircase.
  1211 | Ossuary  | Entered an ossuary
  1237 | Ossuary  | HP: 2/51 [big kobold zombie (2)]
  1634 | D:5      | Entered Level 5 of the Dungeon
  1653 | D:5      | Reached skill level 9 in Unarmed Combat
  1759 | D:5      | Reached XP level 7. HP: 36/57 MP: 3/3
  1878 | D:5      | Found a glowing golden altar of the Shining One.
  2184 | D:5      | Found a bloodstained altar of Trog.
  2184 | D:5      | Noticed Prince Ribbit
  2190 | D:5      | HP: 2/57 [Prince Ribbit (10)]
  2191 | D:5      | Slain by a worker ant

Action                   |  1- 3 |  4- 6 |  7- 9 || total
-------------------------+-------+-------+-------++-------
Melee: Unarmed           |    82 |   103 |    49 ||   234
 Fire: Blowgun           |       |       |     3 ||     3
Evoke: Wand              |       |       |     1 ||     1
  Use: Potion            |     1 |       |     3 ||     4
       Scroll            |       |     4 |     2 ||     6
